 Dungeon Crawl Stone Soup version 0.30.0-13-g156ef70053 (webtiles) character file.

Game seed: 11596172601976607284

5225 browni3141 the Fighter (level 10, -4/91 HPs)
             Began as a Minotaur Fighter on May 17, 2023.
             Was a Priest of Okawaru.
             Slain by a demonic crawler (7 damage)
             ... on level 1 of the Abyss.
             The game lasted 00:04:26 (5724 turns).

browni3141 the Fighter (Minotaur Fighter)           Turns: 5724, Time: 00:04:26

Health: -4/91      AC: 19    Str: 20    XL:     10   Next: 35%
Magic:  9/9        EV:  9    Int:  5    God:    Okawaru [***...]
Gold:   511        SH:  6    Dex: 15    Spells: 9/9 levels left

rFire   . . .        D - +2 war axe (flame)
rCold   . . .        c - +0 buckler
rNeg    . . .        T - +0 plate armour
rPois   .            (helmet restricted)
rElec   .            S - +2 cloak
rCorr   +            (no gloves)
SInv    .            V - +1 pair of boots
Will    .....        M - amulet of regeneration Stlth
                     U - ring of resist corrosion
HPRegen 1.15/turn    (no ring)
MPRegen 0.11/turn

%: no passive effects
@: about to teleport
A: horns 2, retaliatory headbutt
a: Renounce Religion, Heroism


You were on level 1 of the Abyss.
You worshipped Okawaru.
Okawaru was most pleased with you.
You visited 2 branches of the dungeon, and saw 9 of its levels.
You visited the Abyss 1 time.

You collected 511 gold pieces.

Inventory:

Hand Weapons
 a - a +0 war axe
 D - a +2 war axe of flaming (weapon)
Missiles
 J - a curare-tipped dart (quivered)
Armour
 b - a +0 scale mail
 c - a +0 buckler (worn)
 S - a +2 cloak (worn)
 T - a +0 plate armour (worn)
 V - a +1 pair of boots (worn)
Jewellery
 M - an amulet of regeneration (around neck)
 U - a ring of resist corrosion (left hand)
Wands
 A - a wand of acid (37)
 B - a wand of mindburst (14)
 O - a wand of roots (5)
 Z - a wand of digging (11)
Scrolls
 r - 5 scrolls of identify
 E - a scroll of amnesia {unknown}
 G - a scroll of brand weapon {unknown}
 H - a scroll of fog {unknown}
 K - a scroll of magic mapping {unknown}
 L - 2 scrolls of immolation {unknown}
 P - a scroll of enchant weapon {unknown}
 Q - a scroll of noise {unknown}
 W - 2 scrolls of fear {unknown}
 X - a scroll of acquirement {unknown}
 Y - 2 scrolls of teleportation
Potions
 h - 3 potions of haste
 i - a potion of attraction {unknown}
 z - 2 potions of lignification {unknown}
 C - 5 potions of curing
 F - 3 potions of berserk rage {unknown}
 I - a potion of resistance {unknown}
 N - a potion of brilliance {unknown}


   Skills:
 + Level 9.1 Fighting
 + Level 8.6 Axes
 + Level 9.0 Armour
 + Level 7.5 Dodging
 + Level 9.1 Shields


You had 9 spell levels left.
You didn't know any spells.
Your spell library contained the following spells:

 Spells                   Type           Power      Damage    Failure   Level
 Magic Dart               Conj           0%         1d3       100%        1
 Blink                    Tloc           0%         N/A       100%        2
 Poisonous Vapours        Pois/Air       0%         N/A       100%        2
 Searing Ray              Conj           0%         2d4       100%        2
 Mephitic Cloud           Conj/Pois/Air  0%         N/A       100%        3
 Fulminant Prism          Conj/Hex       0%         3d5       100%        4
 Manifold Assault         Tloc           0%         N/A       100%        4
 Freezing Cloud           Conj/Ice/Air   0%         6-21      100%        5
 Storm Form               Tmut/Air       0%         N/A       100%        7
 Malign Gateway           Summ/Tloc      Unusable   N/A       N/A         7
 Summon Horrible Things   Summ           Unusable   N/A       N/A         8

Dungeon Overview and Level Annotations

Branches:
Dungeon (8/15)             Temple (1/1) D:6
   Lair: D:8-11

Altars:
Ashenzari
Cheibriados
Dithmenos
Elyvilon
Fedhas
Gozag
Kikubaaqudgha
Makhleb
Nemelex Xobeh
Okawaru
Qazlal
Ru
Sif Muna
Trog
Uskayaw
Vehumet
Wu Jian
Xom
Yredelemnul
Zin
The Shining One

Shops:
D:6 [

Annotations:
D:8 Maggie


Innate Abilities, Weirdness & Mutations

You have a pair of horns on your head.
You reflexively headbutt those who attack you in melee.


Message History

You hit the spriggan defender zombie. You burn the spriggan defender zombie.
The spriggan defender zombie hits you but does no damage.
You block the spriggan defender zombie's attack.
You hit the earth elemental but do no damage.
You headbutt the earth elemental.
The earth elemental is heavily damaged.
You miss the spriggan defender zombie.
The spriggan defender zombie barely misses you.
The earth elemental hits you but does no damage.
You hit the earth elemental but do no damage.
You headbutt the earth elemental.
The earth elemental is severely damaged.
You hit the spriggan defender zombie. You burn the spriggan defender zombie.
The spriggan defender zombie hits you.
You hit the earth elemental but do no damage.
The earth elemental is severely damaged.
You hit the spriggan defender zombie. You burn the spriggan defender zombie.
You block the spriggan defender zombie's attack.
The spriggan defender zombie closely misses you.
The earth elemental hits you but does no damage.
You hit the earth elemental but do no damage.
The earth elemental is severely damaged.
You barely miss the spriggan defender zombie.
You block the spriggan defender zombie's attack.
The earth elemental hits you but does no damage.
The spriggan defender zombie hits you but does no damage.
You hit the earth elemental but do no damage.
The earth elemental is severely damaged.
You slash the spriggan defender zombie! You burn the spriggan defender zombie.
The spriggan defender zombie hits you.
You slash the earth elemental! You headbutt the earth elemental.
The earth elemental is almost destroyed.
You barely miss the spriggan defender zombie.
The spriggan defender zombie hits you. You block the earth elemental's attack.
The spriggan defender zombie completely misses you.
You hit the earth elemental but do no damage.
The earth elemental is almost destroyed.
You slash the spriggan defender zombie! You burn the spriggan defender zombie.
You destroy the spriggan defender zombie!
Okawaru is honoured by your kill.
Okawaru will now gift you throwing weapons as you gain piety.
You block the earth elemental's attack.
Your Fighting skill increases to level 9!
Your Armour skill increases to level 9!
Your Shields skill increases to level 9!
You hit the earth elemental but do no damage.
You headbutt the earth elemental.
The earth elemental is almost destroyed.
You hit the earth elemental but do no damage.
The earth elemental is almost destroyed.
The earth elemental closely misses you.
You hit the earth elemental.
You destroy the earth elemental!
Okawaru accepts your kill.
You start resting.
HP restored.
A large abomination comes into view.
A demonic crawler comes into view.
The demonic crawler gives a hideous shriek!
You hear a roar!
A tormentor comes into view.
The tormentor calls on the powers of darkness!
Your body is wracked with pain!
The large abomination hits you but does no damage.
As you read the scroll labelled MICEOT WUBYKU, it crumbles to dust.
It is a scroll of identify.
Y - 3 scrolls of teleportation;
r - 5 scrolls of identify The demonic crawler hits you!
The demonic crawler closely misses you. The demonic crawler barely misses you.
As you read the scroll of teleportation, it crumbles to dust.
You feel strangely unstable.
You feel the power of the Abyss delaying your translocation!
You block the demonic crawler's attack.
The demonic crawler hits you but does no damage.
You block the demonic crawler's attack.
You feel yourself growing ill in the presence of the ancient zyme.
You block the demonic crawler's attack.
The demonic crawler hits you but does no damage.
The demonic crawler hits you. The demonic crawler misses you.
You block the demonic crawler's attack.
The demonic crawler hits you but does no damage.
The demonic crawler hits you.
The demonic crawler hits you but does no damage.
You block the demonic crawler's attack.
The demonic crawler attacks as you move away!
The demonic crawler barely misses you. The demonic crawler hits you. x2
You hit the demonic crawler but do no damage.
You block the demonic crawler's attack. The demonic crawler hits you!
The demonic crawler hits you but does no damage.
You block the demonic crawler's attack. The demonic crawler barely misses you.
The demonic crawler hits you.
You hit the demonic crawler. You burn the demonic crawler.
You headbutt the demonic crawler, but do no damage.
The demonic crawler is lightly wounded.
The demonic crawler hits you but does no damage.
The demonic crawler hits you. x2
You hit the demonic crawler but do no damage.
The demonic crawler is lightly wounded.
The demonic crawler hits you! x2
You die...

.
.........2.###..
. ..... 2. #
#...x.... .....
......# X#.##..
.... . ....##
..#.. . . ....
##. ## . .
...... ##ยง.##
.## ...#####..#
#....#...#s###
.#..@.# .
##....# #...##
#.### #.# .#. .
# ##


You could see a demonic crawler.

Vanquished Creatures
  A spriggan zombie (Abyss:1)
  Erica (D:8)
  Pikel (D:4)
  A komodo dragon (shapeshifter) (Abyss:1)
  Grinder (D:6)
  Edmund (D:5)
  A water moccasin (D:8)
  Duvessa (D:6)
  2 ice beasts
  A sky beast (D:7)
  4 black bears
  2 ogres
  Blork the orc (D:4)
  A kobold brigand (D:7)
  A bullfrog (D:8)
  A gnoll sergeant (D:7)
  An earth elemental (Abyss:1)
  3 scorpions
  Dowan (D:6)
  3 killer bees (D:7)
  4 howler monkeys (D:8)
  7 hounds
  3 orc priests (D:7)
  6 jellies
  A gnoll bouda (D:7)
  7 iguanas
  Natasha (twice) (D:4)
  5 orc wizards
  Robin (D:2)
  16 gnolls
  2 adders
  2 ufetubi
  5 worms
  4 dart slugs
  14 orcs
  7 ball pythons
  7 bats
  8 endoplasms
  4 giant cockroaches
  12 goblins
  12 hobgoblins
  2 jackals (D:2)
  5 quokkas
  3 frilled lizards
  13 kobolds
  5 rats
186 creatures vanquished.

Notes
Turn   | Place    | Note
-------+----------+-------------------------------------------
     0 | D:1      | browni3141 the Minotaur Fighter began the quest for the
                  | Orb.
     0 | D:1      | Reached XP level 1. HP: 19/19 MP: 0/0
   182 | D:1      | Reached XP level 2. HP: 27/27 MP: 1/1
   613 | D:1      | Reached XP level 3. HP: 33/33 MP: 2/2
   794 | D:2      | Reached skill level 3 in Axes
   797 | D:2      | Reached XP level 4. HP: 22/40 MP: 3/3
   896 | D:2      | Found a shadowy altar of Dithmenos.
  1043 | D:2      | Noticed Robin
  1055 | D:2      | Killed Robin
  1306 | D:2      | Reached XP level 5. HP: 46/47 MP: 4/4
  1325 | D:2      | You fall into a shaft and drop 2 floors!
  1360 | D:4      | Noticed a lemure
  1361 | D:4      | Noticed Pikel
  1361 | D:4      | Noticed a lemure
  1361 | D:4      | Noticed a lemure
  1361 | D:4      | Noticed a lemure
  1372 | D:4      | Killed Pikel
  1373 | D:4      | Reached skill level 3 in Dodging
  1373 | D:4      | Reached XP level 6. HP: 20/56 MP: 5/5
  1373 | D:4      | Reached XP level 7. HP: 22/61 MP: 6/6
  1638 | D:3      | Found a white marble altar of Elyvilon.
  1674 | D:3      | You fall into a shaft and drop 2 floors!
  1674 | D:5      | Entered Level 5 of the Dungeon
  1726 | D:4      | Noticed Natasha
  1728 | D:4      | Killed Natasha
  1738 | D:4      | Noticed Natasha
  1748 | D:4      | Killed Natasha
  2006 | D:3      | Found a basalt altar of Yredelemnul.
  2629 | D:4      | Found a bloodstained altar of Trog.
  2821 | D:4      | Found a burning altar of Makhleb.
  2866 | D:4      | Noticed Blork the orc
  2882 | D:4      | Killed Blork the orc
  2883 | D:4      | Reached skill level 6 in Fighting
  2883 | D:4      | Reached skill level 6 in Shields
  2919 | D:4      | Reached skill level 6 in Armour
  2919 | D:4      | Reached XP level 8. HP: 64/70 MP: 7/7
  3171 | D:5      | Found a shimmering altar of Xom.
  3177 | D:5      | Found a shimmering altar of Xom.
  3229 | D:5      | Noticed Edmund
  3236 | D:5      | Killed Edmund
  3373 | D:5      | Reached skill level 6 in Axes
  3498 | D:5      | Found a snail-covered altar of Cheibriados.
  3599 | D:6      | Noticed Grinder
  3599 | D:6      | Paralysed by Grinder for 2 turns
  3608 | D:6      | Killed Grinder
  3640 | D:6      | Found a staircase to the Ecumenical Temple.
  3658 | Temple   | Entered the Ecumenical Temple
  3775 | Temple   | Became a worshipper of Warmaster Okawaru
  3819 | D:6      | Noticed Dowan
  3821 | D:6      | Noticed Duvessa
  3830 | D:6      | Killed Duvessa
  3830 | D:6      | Killed Dowan
  3831 | D:6      | Reached XP level 9. HP: 74/79 MP: 8/8
  3888 | D:6      | Found a shimmering blue altar of Sif Muna.
  3995 | D:6      | Found Qohaum's Armour Shop.
  4038 | D:6      | Found a shadowy altar of Dithmenos.
  4044 | D:6      | Found a broken altar of Ashenzari.
  4332 | D:7      | Reached skill level 6 in Dodging
  4368 | D:7      | Reached * piety under Okawaru
  4879 | D:7      | Found an opulent altar of Gozag.
  5087 | D:7      | Found an ornate altar of the Wu Jian Council.
  5475 | D:8      | Noticed Erica
  5490 | D:8      | Killed Erica
  5490 | D:8      | Reached ** piety under Okawaru
  5491 | D:8      | Reached XP level 10. HP: 67/90 MP: 9/9
  5564 | D:8      | Noticed Maggie
  5574 | Abyss:1  | Found a corrupted altar of Lugonu.
  5574 | Abyss:1  | Cast into level 1 of the Abyss (Maggie)
  5669 | Abyss:1  | Reached *** piety under Okawaru
  5670 | Abyss:1  | Reached skill level 9 in Fighting
  5670 | Abyss:1  | Reached skill level 9 in Armour
  5670 | Abyss:1  | Reached skill level 9 in Shields
  5704 | Abyss:1  | Noticed a demonic crawler
  5724 | Abyss:1  | HP: 3/91 [demonic crawler (14)]
  5724 | Abyss:1  | Slain by a demonic crawler

Illustrated notes

Levels and vault maps discovered:
D:1:      roderic_octagonal_star, layout_rooms, dk_noncrumbling_4
D:2:      minmay_alternating_diamond, layout_rooms, basic_altar,
          cheibrodos_gnoll_hut, uniq_robin
D:3:      layout_basic, kennysheep_ying_yang
D:4:      layout_gridville, trog_book, mainiacjoe_overflow_brackets,
          corexii_corridor_pit, uniq_pikel, uniq_blork_the_orc, uniq_natasha
D:5:      layout_rooms, cheibrodos_worm_habitat, xom_redecorated, uniq_edmund
D:6:      layout_rooms, jmf_multi_god_temple, lemuel_blue_sif_altar,
          minmay_temple_entry_mini_moons, serial_shops, kennysheep_mini_moat,
          minmay_misc_feat_enclosed, uniq_grinder, uniq_duvessa
D:7:      layout_cave_pods, nicolae_gozag_cash_rules_everything_around_me,
          nzn_wu_jian_contemplation
D:8:      layout_basic, uniq_erica, uniq_maggie, uniq_psyche
Temple:   nicolae_temple_two_arcs
Abyss:1:  base:
Temple

Skill      XL: |  1  2  3  4  5  6  7  8  9 10 |
---------------+-------------------------------+-----
Dodging        | 1 2 3 4 5 7 |  7.5
Fighting       | 4 5 6 7 8 9 |  9.1
Shields        | 4 5 6 7 8 9 |  9.1
Armour         | 4 5 6 7 8 9 |  9.0
Axes           | 3 4 5 6 8 |  8.6

Action                     |  1- 3 |  4- 6 |  7- 9 | 10-12 || total
---------------------------+-------+-------+-------+-------++-------
  Melee: War axe           |    72 |    69 |   294 |    52 ||   487
         Headbutt          |    14 |     5 |    55 |    13 ||    87
    Use: Potion            |       |     1 |     1 |       ||     2
         Scroll            |       |       |       |     2 ||     2
 Armour: Scale mail        |    25 |       |       |       ||    25
         Plate armour      |    21 |    61 |   239 |    34 ||   355
  Dodge: Dodged            |    35 |    30 |   117 |    24 ||   206
  Block: Buckler           |    25 |    27 |    95 |    21 ||   168
